 Dungeon Crawl Stone Soup version 0.20-a0-1039-gf554463 (webtiles) character file.

5648 nubinia the Covert (level 10, -9/47 HPs)
             Began as a Spriggan Earth Elementalist on Apr 21, 2017.
             Was a Believer of Ashenzari.
             Killed from afar by a manticore (13 damage)
             ... with a volley of spikes
             ... on level 8 of the Dungeon on Apr 22, 2017.
             The game lasted 00:47:51 (8375 turns).

nubinia the Covert (Spriggan Earth Elementalist)    Turns: 8375, Time: 00:47:52

Health: -9/47      AC:  5    Str:  4    XL:     10   Next: 46%
Magic:  23/24      EV: 22    Int: 20    God:    Ashenzari [**....]
Gold:   338        SH:  8    Dex: 22    Spells: 22/28 levels left

rFire    + . .     SeeInvis +   x - +2 dagger (elec) (curse)
rCold    + . .     Gourm    .   i - +0 buckler (curse)
rNeg     + . .     Faith    .   z - +2 robe {rC+ rF+}
rPois    .         Spirit   .   (helmet restricted)
rElec    .         Reflect  .   q - +0 cloak
rCorr    .         Harm     .   (gloves unavailable)
MR       +....                  (boots unavailable)
Stlth    +++++.....             (no amulet)
Regen    0.2/turn               f - ring of positive energy (curse)
MPRegen  0.2/turn               y - +5 ring of dexterity (curse)

@: barbed spikes, very quick
A: unfitting armour, see invisible, herbivore 3, speed 3, slow metabolism 2
a: Curse Item, Scrying, Renounce Religion


You were on level 8 of the Dungeon.
You worshipped Ashenzari.
Ashenzari was pleased with you.
You were not hungry.

You visited 2 branches of the dungeon, and saw 9 of its levels.

You collected 338 gold pieces.

Inventory:

Hand Weapons
 a - a +0 short sword
 x - a cursed +2 dagger of electrocution (weapon)
 C - a +3 dagger
 I - a cursed +4 short sword
Missiles
 b - 107 stones (quivered)
Armour
 c - a +1 robe
 i - a cursed +0 buckler (worn)
 q - a +0 cloak (worn)
 z - a +2 robe of resistance (worn)
Jewellery
 f - a cursed ring of positive energy (left hand)
 j - an uncursed ring of protection from cold
 l - an uncursed amulet of the gourmand
 t - an uncursed ring of fire
 y - a cursed +5 ring of dexterity (right hand)
Wands
 h - a wand of acid (8/15)
 p - a wand of paralysis (4/24)
Scrolls
 r - 4 scrolls of teleportation
 u - 4 scrolls of amnesia
 w - 2 scrolls of enchant armour
 E - 2 scrolls of magic mapping
 G - a scroll of recharging
Potions
 g - a potion of haste
 k - a potion of ambrosia
 m - a potion of berserk rage
 o - a potion of brilliance
 s - 2 potions of heal wounds
 v - a potion of flight
 A - a potion of magic
 B - a potion of mutation
 D - a potion of curing
 F - a potion of cancellation
 H - a potion of invisibility {unknown}
Books
 e - a book of Geomancy

   Spells                             Type                      Level
   a - Sandblast                      Earth                        1
   b - Passwall                       Transmutation/Earth          2
   c - Stone Arrow                    Conjuration/Earth            3
   d - Petrify                        Transmutation/Earth          4
   e - Lee's Rapid Deconstruction     Earth                        5
Comestibles
 d - 4 bread rations


   Skills:
 + Level 2.7 Fighting
 + Level 6.2(8.6) Short Blades
 + Level 6.0 Dodging
 + Level 11.5 Stealth
 + Level 2.5(3.7) Shields
 + Level 9.7 Spellcasting
 * Level 1.0(1.9) Conjurations
 + Level 1.3(2.3) Transmutations
 + Level 7.3(8.8) Earth Magic


You had 22 spell levels left.
You knew the following spells:

 Your Spells              Type           Power        Failure   Level  Hunger
a - Sandblast             Erth           #####.       1%          1    None
b - Stone Arrow           Conj/Erth      ####..       3%          3    None
p - Passwall              Tmut/Erth      ####......   1%          2    None


Dungeon Overview and Level Annotations

Branches:
Dungeon (8/15)             Temple (1/1) D:6            Lair (0/6) D:8

Altars:
Ashenzari
Cheibriados
Dithmenos
Elyvilon
Fedhas
Gozag
Hepliaklqana
Kikubaaqudgha
Makhleb
Nemelex Xobeh
Okawaru
Qazlal
Ru
Sif Muna
Trog
Uskayaw
Vehumet
Wu Jian
Xom
Yredelemnul
Zin
The Shining One


Innate Abilities, Weirdness & Mutations

You are very small and have problems with some larger weapons.
You are too small for most types of armour.
You have supernaturally acute eyesight. (SInv)
You are a herbivore.
You cover ground extremely quickly.
You need consume almost no food.


Message History

You kill the adder!
Unknown command.
Unknown command.
Unknown command.
Casting: Stone Arrow
Confirm with . or Enter, or press ? or * to list all spells.
Aiming: Sandblast
Press: ? - help, Shift-Dir - straight line, f - manticore
Aim: a manticore The blast of sand hits the manticore.
b - 107 stones The manticore bites you!!
The manticore claws you!
* * * LOW HITPOINT WARNING * * *
The manticore misses you.
The big kobold hits you from afar with a glaive!
* * * LOW HITPOINT WARNING * * *
The manticore flicks its tail.
The volley of spikes hits you!
The barbed spikes become lodged in your body.
You die...

#.......# #.# #.##........ #....
#.......# #.###.##....K... ##...
#.......# #.##8.8#....H... #....
#####.### #.###(##........ ##...
#.#####.# #.'(....⌠... #....
#.......###K##(....... ##...
######.......##8H8#........ #....
....##.......###.##.c...... ##...
.............# #@##........,#....
....###......###.##........ ##...
.............##8.8##.8...8.##....
.....##......###.## .#S..#.###...
)..#.#<..###.# #.###+#'#+#'##....
...#.#...# #.###'##$...((.).##...
...#.#.#####.##8.8#############..
...#.#.......###.##############..
.............# #..'.......†.'....


You could see a manticore and a big kobold.

Vanquished Creatures
  2 two-headed ogres (D:8)
  Pikel (D:6)
  A cyclops (D:8)
  A troll (D:8)
  A slime creature (D:8)
  Sigmund (D:5)
  A wyvern (D:8)
  A hungry ghost (D:8)
  A water moccasin (D:8)
  6 ogres
  4 centaurs
  2 bullfrogs (D:6)
  3 scorpions
  10 wights
  4 howler monkeys
  4 crimson imps
  A bullfrog zombie (D:6)
  A centaur zombie (D:6)
  3 orc wizards
  3 orc priests
  3 hounds
  A bullfrog skeleton (D:7)
  Crazy Yiuf (D:7)
  2 iguanas
  7 worker ants
  A hound skeleton (D:4)
  A hound zombie (D:8)
  10 adders
  2 oozes
  2 adder skeletons
  3 worms
  2 dart slugs
  4 leopard geckos
  20 orcs
  2 ball pythons
  4 giant cockroaches
  8 goblins
  7 hobgoblins
  12 jackals
  6 quokkas
  3 bats
  6 frilled lizards
  9 kobolds
  2 quokka skeletons
  8 rats
177 creatures vanquished.

Vanquished Creatures (others)
  Menkaure (D:7)
1 creature vanquished.

Grand Total: 178 creatures vanquished

Notes
Turn   | Place    | Note
-------+----------+-------------------------------------------
     0 | D:1      | nubinia the Spriggan Earth Elementalist began the quest for the Orb.
     0 | D:1      | Reached XP level 1. HP: 9/9 MP: 5/5
   425 | D:1      | Reached XP level 2. HP: 10/13 MP: 2/6
   704 | D:1      | Learned a level 2 spell: Passwall
  1082 | D:1      | Reached skill level 1 in Short Blades
  1185 | D:2      | Reached XP level 3. HP: 15/16 MP: 8/8
  1573 | D:2      | Learned a level 3 spell: Stone Arrow
  1663 | D:2      | Found a burning altar of Makhleb.
  1679 | D:2      | Reached skill level 4 in Stealth
  1679 | D:2      | Reached XP level 4. HP: 13/21 MP: 8/10
  2069 | D:3      | Found a shattered altar of Ashenzari.
  2089 | D:3      | Became a worshipper of Ashenzari the Shackled
  2597 | D:3      | Reached XP level 5. HP: 22/25 MP: 5/11
  2936 | D:4      | Reached skill level 5 in Stealth
  3063 | D:4      | Noticed an ogre
  3069 | D:4      | Killed an ogre
  3069 | D:4      | Reached skill level 1 in Fighting
  3106 | D:4      | Reached skill level 6 in Stealth
  3106 | D:4      | Reached XP level 6. HP: 30/30 MP: 12/12
  3404 | D:4      | Reached XP level 7. HP: 11/33 MP: 7/15
  3433 | D:5      | Entered Level 5 of the Dungeon
  3986 | D:4      | Reached skill level 5 in Spellcasting
  4362 | D:4      | Reached * piety under Ashenzari
  4424 | D:5      | Noticed Sigmund
  4515 | D:6      | Reached skill level 7 in Stealth
  4621 | D:6      | Found a staircase to the Ecumenical Temple.
  4638 | D:6      | Reached XP level 8. HP: 20/37 MP: 18/18
  4654 | Temple   | Entered the Ecumenical Temple
  5342 | D:6      | Reached skill level 5 in Earth Magic
  5378 | D:5      | Reached skill level 8 in Stealth
  5591 | D:5      | Killed Sigmund
  6175 | D:7      | Noticed Pikel
  6181 | D:6      | Reached skill level 9 in Stealth
  6476 | D:7      | Noticed Menkaure
  6520 | D:7      | Identified the cursed +2 hand crossbow of Insufficient Pleasure {flame, rPois rF+ Int-2 Dex+2}
  6553 | D:7      | Reached XP level 9. HP: 28/41 MP: 20/22
  6711 | D:6      | Killed Pikel
  6711 | D:6      | Reached skill level 1 in Shields
  6754 | D:7      | Reached skill level 10 in Stealth
  6773 | D:7      | Killed Menkaure
  7021 | D:7      | Found a runed door.
  7025 | D:7      | Noticed Crazy Yiuf
  7031 | D:7      | Killed Crazy Yiuf
  7349 | D:8      | Found a staircase to the Lair.
  7350 | D:8      | Noticed a komodo dragon
  7357 | D:8      | Noticed a two-headed ogre
  7363 | D:8      | Killed a two-headed ogre
  7363 | D:8      | Reached skill level 5 in Short Blades
  7363 | D:8      | Reached skill level 5 in Dodging
  7455 | D:8      | Noticed a two-headed ogre
  7520 | D:8      | Killed a two-headed ogre
  7520 | D:8      | Reached XP level 10. HP: 44/47 MP: 19/24
  7537 | D:8      | Reached ** piety under Ashenzari
  7546 | D:8      | Reached skill level 11 in Stealth
  7898 | D:8      | Noticed a manticore
  8120 | D:8      | Upgraded the game from 0.20-a0-1034-gb277f92 to 0.20-a0-1039-gf554463
  8308 | D:8      | Noticed a cyclops
  8311 | D:8      | Killed a cyclops
  8311 | D:8      | Reached skill level 1 in Conjurations
  8375 | D:8      | Killed from afar by a manticore

Vault maps used:
D:1:      dpeg_arrival_lava_temple_mockup, hangedman_decor_clover_reticule,
          st_stairs_10
D:2:      first_bread, makhleb_blood_cavern_becter
D:3:      cheibrodos_ashenzari_chains
D:5:      uniq_sigmund
D:6:      minmay_temple_entry_poolview
D:7:      uniq_pikel, uniq_crazy_yiuf_cottage, uniq_menkaure
D:8:      wad_statue_garden, david_lair_shrubbed
Temple:   compressed_dpeg_triangle_lava_temple

Skill      XL: |  1  2  3  4  5  6  7  8  9 10 |
---------------+-------------------------------+-----
Earth Magic    | 3 4 6 7 |  7.3
Spellcasting   | 3 4 6 8 9 |  9.7
Short Blades   | 1 2 3 4 5 6 |  6.2
Stealth        | 4 6 7 9 10 11 | 11.5
Fighting       | 1 2 |  2.7
Dodging        | 4 5 6 |  6.0
Shields        | 2 |  2.5
Conjurations   | 1 |  1.0
Transmutations | |  1.3

Action                   |  1- 3 |  4- 6 |  7- 9 | 10-12 || total
-------------------------+-------+-------+-------+-------++-------
Melee: Short sword       |    70 |       |       |       ||    70
       Dagger            |       |    97 |   157 |    43 ||   297
 Cast: Sandblast         |    25 |    22 |    97 |    15 ||   159
       Stone Arrow       |       |       |       |    10 ||    10
Invok: Curse Item        |       |     2 |     2 |       ||     4
  Use: Scroll            |     1 |    10 |    11 |     2 ||    24
 Stab: Sleeping          |     8 |    15 |    24 |     5 ||    52
       Distracted        |       |       |     1 |     1 ||     2
  Eat: Royal jelly       |       |       |     2 |       ||     2
       Fruit             |       |       |       |     3 ||     3
Armor: Robe              |     6 |     2 |    12 |       ||    20
Dodge: Dodged            |    60 |    81 |    88 |    22 ||   251
Block: Buckler           |       |     5 |    49 |    11 ||    65
